Barracuda vs Comets

Created - Thursday, January 23, 2025 at 22:40

Goals
1 2 3 T
Barracuda 0 0 0 0
Comets 2 0 2 4
Shots
1 2 3 T
Barracuda 6 9 6 21
Comets 15 10 5 30

1st period

1. Comets , Logan Shaw 29 (Justin Richards 6, Tucker Robertson 2) at 4:00
2. Comets , Patrick Brown 15 (Ethan Bear 30, Riley Nash 23) at 4:27

Penalties :
Jack Rathbone (UTI) for Tripping (Minor) at 1:41, Sam Malinski (SJB) for Hooking (Minor) at 5:34, Mike Hardman (SJB) for High sticking (Minor) at 8:38, Patrick Brown (UTI) for Roughing (Minor) at 14:43, Jack Rathbone (UTI) for Holding (Minor) at 19:41

2nd period

No Goal

Penalties :
Mark Friedman (SJB) for Slashing (Minor) at 11:46

3rd period

3. Comets , Ethan Bear 7 (Kevin Korchinski 17, Jordan Papirny) at 8:33 (PP)
4. Comets , Vasily Podkolzin 12 (Justin Dowling 32, Matthew Highmore 22) at 15:47 (PP)

Penalties :
Tyler Angle (SJB) for Slashing (Double Minor) at 0:05, Nicolas Petan (SJB) for Holding (Minor) at 7:53, Ben Hutton (SJB) for Interference (Minor) at 10:19, Dominik Shine (SJB) for Tripping (Minor) at 14:04, Jett Woo (UTI) for Interference (Minor) at 16:29, Mark Friedman (SJB) for Hooking (Minor) at 18:56

Goalie Stats

Arturs Silovs (SJB), 26 saves from 30 shots - (0.867), L, 24-24-3, 60:00 minutes
Jordan Papirny (UTI), 21 saves from 21 shots - (1.000), W, 30-9-3, 60:00 minutes

Players Stats for Barracuda

Player Name              G  A  P  +/- PIM S  H  SB GA TA FO     MP     PP MP  PK MP  
------------------------------------------------------------------------------------
Ben Hutton               0  0  0   0  2   2  0  1  0  0  0/0    22:37   4:00   5:55 
Carsen Twarynski         0  0  0   0  0   3  2  0  0  0  0/0    12:56   0:00   0:00 
David Gustafsson         0  0  0  -1  0   1  0  0  0  0  0/0    17:17   3:56   5:15 
Dominik Shine            0  0  0  -1  2   6  1  0  0  0  0/2    13:59   4:00   0:43 
Gavin Bayreuther         0  0  0  -2  0   0  1  0  0  0  0/0    16:09   0:00   4:00 
Jon-Randall Avon         0  0  0   0  0   0  0  0  0  0  2/2     1:55   0:23   0:09 
Kevin Connauton          0  0  0   0  0   1  1  0  0  0  0/0    21:58   3:56   5:42 
Kyle Criscuolo           0  0  0   0  0   2  1  1  0  0  11/22  24:53   3:33   8:24 
Louis Belpedio           0  0  0   0  0   1  0  0  0  0  0/0    21:44   3:56   5:57 
Mark Friedman            0  0  0  -2  4   0  2  1  0  0  0/0    13:40   0:00   1:05 
Matt Martin              0  0  0  -1  0   1  0  0  0  0  0/1     8:15   0:00   0:09 
Matthew Wedman           0  0  0   0  0   0  0  0  0  0  0/0     0:00   0:00   0:00 
Mike Hardman             0  0  0  -1  2   1  0  0  0  0  6/10   20:30   4:00   7:14 
Nicolas Petan            0  0  0  -1  2   0  2  0  0  0  7/12   19:25   3:56   1:40 
Oskar Olausson           0  0  0   0  0   1  0  0  0  0  1/3    15:33   0:00   2:37 
Ryan Schmelzer           0  0  0  -1  0   0  1  0  0  0  16/29  24:01   4:00   5:03 
Sam Malinski             0  0  0   0  2   2  2  0  0  0  0/0    22:13   4:00   6:28 
Tyler Angle              0  0  0   0  4   0  0  0  0  0  4/8     7:26   0:00   1:03 

Players Stats for Comets

Player Name              G  A  P  +/- PIM S  H  SB GA TA FO     MP     PP MP  PK MP  
------------------------------------------------------------------------------------
Ashton Sautner           0  0  0   0  0   0  3  3  0  0  0/0    20:16   7:03   3:08 
Cody Glass               0  0  0   0  0   2  3  0  0  0  0/2    16:20   7:22   0:00 
Ethan Bear               1  1  2   1  0   6  6  0  0  0  0/0    24:22   8:23   4:12 
Jack Rathbone            0  0  0   1  4   0  2  0  0  0  0/0    21:00   5:23   1:47 
Jett Woo                 0  0  0   1  2   0  1  0  0  0  0/0    14:15   0:42   0:00 
Justin Dowling           0  1  1   0  0   3  0  0  0  0  16/32  21:16   6:37   5:41 
Justin Richards          0  1  1   1  0   1  0  0  0  0  1/2     9:15   1:29   0:03 
Kevin Korchinski         0  1  1   0  0   1  0  0  0  0  0/0    17:19   2:13   4:48 
Leo Loof                 0  0  0   0  0   0  0  0  0  0  0/0     4:16   1:35   1:57 
Logan Shaw               1  0  1   1  0   3  1  0  0  0  11/21  23:15   6:49   2:12 
Matthew Highmore         0  1  1   0  0   4  0  0  0  0  2/5    19:29   7:17   5:41 
Patrick Brown            1  0  1   1  2   2  3  0  0  0  0/0    13:54   0:24   0:00 
Riley Nash               0  1  1   1  0   1  0  0  0  0  1/1    13:31   0:00   0:00 
Roby Jarventie           0  0  0   0  0   2  5  0  0  0  0/0    18:08   6:58   2:12 
Tanner Fritz             0  0  0   1  0   2  0  1  0  0  6/14   13:31   0:00   0:00 
Tucker Robertson         0  1  1   1  0   0  2  0  0  0  4/11    9:05   1:22   0:00 
Vasily Podkolzin         1  0  1   0  0   3  2  0  0  0  1/1    13:37   7:03   0:03 
Zach Metsa               0  0  0   1  0   0  0  0  0  0  0/0    19:11   6:05   0:00 

3 Stars

1 - Ethan Bear (UTI)
2 - Jordan Papirny (UTI)
3 - Logan Shaw (UTI)

Power Play

Barracuda - 0 on 4 Attempt(s) - 0.00%
Comets - 2 on 9 Attempt(s) - 22.22%

Penalty Kill

Barracuda - 7 on 9 Attempt(s) - 77.78% - Score 0 goal in Penalty Kill
Comets - 4 on 4 Attempt(s) - 100.00% - Score 0 goal in Penalty Kill

Team Stat

Barracuda - Hits : 13 - Faceoff Wins : 47 - Blocked Shots : 3 - Penalty Minutes : 18
Comets - Hits : 28 - Faceoff Wins : 42 - Blocked Shots : 4 - Penalty Minutes : 8

Official

Referees : Michael Markovic and Cody Beach
Linesman : Derek Nansen and Travis Gawryletz

Game Notes

No Game Note

Finance

Level 1 -- Attendance: 1816 (90.80%) -- Ticket Income $63,560
Level 2 -- Attendance: 928 (92.80%) -- Ticket Income $13,920
Total Attendance: 2744 (91.47%)
Total Ticket Income: $77,480
Other Income: $37,965
Total Income: $115,445

Barracuda

5 vs 5 Forward 
   Center                   Left Wing                Right Wing               Time % Phy DF OF 
 1 Nicolas Petan            David Gustafsson         Matt Martin              25     1   2  2  
 2 Ryan Schmelzer           Mike Hardman             Dominik Shine            25     1   2  2  
 3 Kyle Criscuolo           Carsen Twarynski         Oskar Olausson           25     1   2  2  
 4 Tyler Angle              Ryan Schmelzer           Nicolas Petan            25     1   2  2  

5 vs 5 Defense 
   Defense                  Defense                                           Time % Phy DF OF 
 1 Ben Hutton               Sam Malinski                                      25     1   2  2  
 2 Louis Belpedio           Kevin Connauton                                   25     1   2  2  
 3 Mark Friedman            Gavin Bayreuther                                  25     1   2  2  
 4 Ben Hutton               Sam Malinski                                      25     1   2  2  

PowerPlay Forward 
   Center                   Left Wing                Right Wing               Time % Phy DF OF 
 1 Kyle Criscuolo           David Gustafsson         Nicolas Petan            60     1   2  2  
 2 Ryan Schmelzer           Mike Hardman             Dominik Shine            40     1   2  2  

PowerPlay Defense
   Defense                  Defense                                           Time % Phy DF OF 
 1 Ben Hutton               Sam Malinski                                      60     1   2  2  
 2 Louis Belpedio           Kevin Connauton                                   40     1   2  2  

Penalty Kill 4 Players Forward 
   Center                   Wing                     Time % Phy DF OF 
 1 Mike Hardman             Kyle Criscuolo           60     1   2  2  
 2 Ryan Schmelzer           David Gustafsson         40     1   2  2  

Penalty Kill 4 Players Defense
   Defense                  Defense                  Time % Phy DF OF 
 1 Ben Hutton               Sam Malinski             60     1   2  2  
 2 Louis Belpedio           Kevin Connauton          40     1   2  2  

Penalty Kill - 3 Players Forward 
   Forward                                           Time % Phy DF OF 
 1 David Gustafsson                                  60     1   2  2  
 2 Ryan Schmelzer                                    40     1   2  2  

Penalty Kill - 3 Players Defense
   Defense                  Defense                  Time % Phy DF OF 
 1 Ben Hutton               Sam Malinski             60     1   2  2  
 2 Louis Belpedio           Kevin Connauton          40     1   2  2  

4 vs 4 Forward 
   Center                   Wing                     Time % Phy DF OF 
 1 Kyle Criscuolo           Mike Hardman             60     1   2  2  
 2 Ryan Schmelzer           David Gustafsson         40     1   2  2  

4 vs 4 Defense
   Defense                  Defense                  Time % Phy DF OF 
 1 Ben Hutton               Sam Malinski             60     1   2  2  
 2 Louis Belpedio           Kevin Connauton          40     1   2  2  

Last Minutes Offensive
   Center                   Left Wing                Right Wing               Defense                  Defense                  
   Nicolas Petan            David Gustafsson         Matt Martin              Ben Hutton               Sam Malinski             

Last Minutes Defensive
   Center                   Left Wing                Right Wing               Defense                  Defense                  
   Nicolas Petan            David Gustafsson         Matt Martin              Ben Hutton               Sam Malinski             

Goaltenders
Starting : Arturs Silovs            
Backup : Zane McIntyre            

Extra Forwards
Normal : Jon-Randall Avon, Kyle Criscuolo, Oskar Olausson - PP : Jon-Randall Avon, Kyle Criscuolo - PK : Oskar Olausson
Extra Defensemen
Normal : Mark Friedman, Gavin Bayreuther, Louis Belpedio - PP : Mark Friedman - PK : Gavin Bayreuther, Louis Belpedio
Penalty Shots
Oskar Olausson, Kyle Criscuolo, Ryan Schmelzer, David Gustafsson, Mike Hardman
Custom OT Lines Forwards
Matt Martin, Nicolas Petan, Ryan Schmelzer, David Gustafsson, Mike Hardman, Kyle Criscuolo, Dominik Shine, Oskar Olausson, Tyler Angle, Carsen Twarynski
Custom OT Lines Defensemen
Ben Hutton, Sam Malinski, Louis Belpedio, Kevin Connauton, Mark Friedman

Scratches
Farm Goalie 49 (Healthy)

Comets

5 vs 5 Forward 
   Center                   Left Wing                Right Wing               Time % Phy DF OF 
 1 Justin Dowling           Roby Jarventie           Cody Glass               25     0   2  3  
 2 Logan Shaw               Matthew Highmore         Vasily Podkolzin         25     0   2  3  
 3 Tanner Fritz             Riley Nash               Patrick Brown            25     0   2  3  
 4 Tucker Robertson         Logan Shaw               Justin Richards          25     0   2  3  

5 vs 5 Defense 
   Defense                  Defense                                           Time % Phy DF OF 
 1 Ethan Bear               Kevin Korchinski                                  25     0   4  1  
 2 Ashton Sautner           Jack Rathbone                                     25     0   4  1  
 3 Jett Woo                 Zach Metsa                                        25     0   4  1  
 4 Jack Rathbone            Ethan Bear                                        25     0   4  1  

PowerPlay Forward 
   Center                   Left Wing                Right Wing               Time % Phy DF OF 
 1 Logan Shaw               Roby Jarventie           Cody Glass               60     0   0  5  
 2 Justin Dowling           Matthew Highmore         Vasily Podkolzin         40     0   0  5  

PowerPlay Defense
   Defense                  Defense                                           Time % Phy DF OF 
 1 Ethan Bear               Ashton Sautner                                    60     0   0  5  
 2 Jack Rathbone            Zach Metsa                                        40     0   0  5  

Penalty Kill 4 Players Forward 
   Center                   Wing                     Time % Phy DF OF 
 1 Justin Dowling           Matthew Highmore         60     0   5  0  
 2 Logan Shaw               Roby Jarventie           40     0   5  0  

Penalty Kill 4 Players Defense
   Defense                  Defense                  Time % Phy DF OF 
 1 Jack Rathbone            Kevin Korchinski         60     0   5  0  
 2 Ethan Bear               Ashton Sautner           40     0   5  0  

Penalty Kill - 3 Players Forward 
   Forward                                           Time % Phy DF OF 
 1 Patrick Brown                                     60     0   5  0  
 2 Justin Dowling                                    40     0   5  0  

Penalty Kill - 3 Players Defense
   Defense                  Defense                  Time % Phy DF OF 
 1 Kevin Korchinski         Jack Rathbone            60     0   5  0  
 2 Ashton Sautner           Ethan Bear               40     0   5  0  

4 vs 4 Forward 
   Center                   Wing                     Time % Phy DF OF 
 1 Justin Dowling           Matthew Highmore         60     0   2  3  
 2 Logan Shaw               Vasily Podkolzin         40     0   2  3  

4 vs 4 Defense
   Defense                  Defense                  Time % Phy DF OF 
 1 Ethan Bear               Jack Rathbone            60     0   4  1  
 2 Ashton Sautner           Zach Metsa               40     0   4  1  

Last Minutes Offensive
   Center                   Left Wing                Right Wing               Defense                  Defense                  
   Justin Dowling           Vasily Podkolzin         Logan Shaw               Ethan Bear               Kevin Korchinski         

Last Minutes Defensive
   Center                   Left Wing                Right Wing               Defense                  Defense                  
   Justin Dowling           Matthew Highmore         Logan Shaw               Ethan Bear               Kevin Korchinski         

Goaltenders
Starting : Jordan Papirny           
Backup : Ludovic Waeber           

Extra Forwards
Normal : Matthew Highmore, Patrick Brown, Roby Jarventie - PP : Tucker Robertson, Vasily Podkolzin - PK : Patrick Brown
Extra Defensemen
Normal : Ashton Sautner, Ethan Bear, Kevin Korchinski - PP : Ethan Bear - PK : Ethan Bear, Jack Rathbone
Penalty Shots
Logan Shaw, Roby Jarventie, Cody Glass, Justin Dowling, Matthew Highmore
Custom OT Lines Forwards
Logan Shaw, Vasily Podkolzin, Patrick Brown, Cody Glass, Tanner Fritz, Justin Dowling, Roby Jarventie, Tucker Robertson, Riley Nash, Matthew Highmore
Custom OT Lines Defensemen
Kevin Korchinski, Jett Woo, Ethan Bear, Ashton Sautner, Jack Rathbone

Scratches
Brett Budgell (Healthy), Colin Felix (Healthy), Cristiano DiGiacinto (Healthy), Alex Gallant (Healthy), Eric Comrie (Healthy)

% Time on Ice - Barracuda

Lines # - Real PCT - Wanted PCT - Time Play
Normal Forward
1 - 22% - 25% - 8:06
2 - 25% - 25% - 9:17
3 - 35% - 25% - 12:56
4 - 17% - 25% - 6:24
Normal Defense
1 - 17% - 25% - 6:13
2 - 34% - 25% - 12:20
3 - 34% - 25% - 12:37
4 - 15% - 25% - 5:33
PP Forward
1 - 50% - 60% - 3:56
2 - 50% - 40% - 4:00
PP Defense
1 - 50% - 60% - 4:00
2 - 50% - 40% - 3:56
PK Forward
1 - 68% - 60% - 10:27
2 - 32% - 40% - 4:54
PK Defense
1 - 67% - 60% - 10:13
2 - 33% - 40% - 5:08
PK3 Forward
1 - 0% - 60%
2 - 0% - 40%
PK3 Defense
1 - 0% - 60%
2 - 0% - 40%
44 Forward
1 - 0% - 60%
2 - 0% - 40%
44 Defense
1 - 0% - 60%
2 - 0% - 40%
Last Minute Offensive  - 0:00
Last Minute Defensive  - 0:00
Total
Forward - 60:00
Defense - 60:00

% Time on Ice - Comets

Lines # - Real PCT - Wanted PCT - Time Play
Normal Forward
1 - 24% - 25% - 8:58
2 - 18% - 25% - 6:31
3 - 37% - 25% - 13:31
4 - 21% - 25% - 7:43
Normal Defense
1 - 23% - 25% - 8:32
2 - 29% - 25% - 10:38
3 - 37% - 25% - 13:34
4 - 11% - 25% - 3:59
PP Forward
1 - 53% - 60% - 8:04
2 - 47% - 40% - 7:17
PP Defense
1 - 59% - 60% - 9:05
2 - 41% - 40% - 6:16
PK Forward
1 - 72% - 60% - 5:44
2 - 28% - 40% - 2:12
PK Defense
1 - 61% - 60% - 4:48
2 - 39% - 40% - 3:08
PK3 Forward
1 - 0% - 60%
2 - 0% - 40%
PK3 Defense
1 - 0% - 60%
2 - 0% - 40%
44 Forward
1 - 0% - 60%
2 - 0% - 40%
44 Defense
1 - 0% - 60%
2 - 0% - 40%
Last Minute Offensive  - 0:00
Last Minute Defensive  - 0:00
Total
Forward - 60:00
Defense - 60:00

Play-by-Play

1st period


0:01 of 1st period - Nicolas Petan wins face-off versus Justin Dowling in neutral zone.
0:10 of 1st period - Shot by Matt Martin.
0:10 of 1st period - Deflect By Nicolas Petan.
0:10 of 1st period - Shot Misses the Net.
0:12 of 1st period - Shot by Sam Malinski.
0:12 of 1st period - Stopped by Jordan Papirny without a rebound.
0:13 of 1st period - Logan Shaw wins face-off versus Ryan Schmelzer in Comets zone.
0:20 of 1st period - Shot by Matthew Highmore.
0:20 of 1st period - Stopped by Arturs Silovs without a rebound.
0:21 of 1st period - Tanner Fritz wins face-off versus Kyle Criscuolo in Barracuda zone.
0:32 of 1st period - Riley Nash is hit by Carsen Twarynski and loses puck.
0:55 of 1st period - Shot by Kyle Criscuolo.
0:55 of 1st period - Shot Misses the Net.
1:04 of 1st period - Icing by Jett Woo.
1:05 of 1st period - Ryan Schmelzer wins face-off versus Tanner Fritz in Comets zone.
1:27 of 1st period - Ben Hutton is hit by Jack Rathbone and loses puck.
1:41 of 1st period - Minor Penalty to Jack Rathbone for Tripping.
1:42 of 1st period - Matthew Highmore wins face-off versus Ryan Schmelzer in Comets zone.
2:02 of 1st period - Off-side.
2:03 of 1st period - Logan Shaw wins face-off versus Kyle Criscuolo in neutral zone.
2:05 of 1st period - Off-side.
2:06 of 1st period - Kyle Criscuolo wins face-off versus Justin Dowling in neutral zone.
3:51 of 1st period - Tanner Fritz is hit by Mark Friedman and loses puck.
3:56 of 1st period - Shot by Riley Nash.
3:56 of 1st period - Stopped by Arturs Silovs without a rebound.
3:57 of 1st period - Tucker Robertson wins face-off versus Nicolas Petan in Barracuda zone.
4:00 of 1st period - Shot by Justin Richards.
4:00 of 1st period - Deflect By Logan Shaw.
4:00 of 1st period - Goal by Logan Shaw - Barracuda : 0 - Comets : 1.
4:01 of 1st period - Tanner Fritz wins face-off versus Ryan Schmelzer in neutral zone.
4:27 of 1st period - Shot by Patrick Brown.
4:27 of 1st period - Goal by Patrick Brown - Barracuda : 0 - Comets : 2.
4:28 of 1st period - Nicolas Petan wins face-off versus Logan Shaw in neutral zone.
5:25 of 1st period - Shot by Cody Glass.
5:25 of 1st period - Shot Misses the Net.
5:27 of 1st period - Shot by Ethan Bear.
5:27 of 1st period - Shot Misses the Net.
5:29 of 1st period - Shot by Ethan Bear.
5:29 of 1st period - Shot Blocked by Ben Hutton.
5:34 of 1st period - Minor Penalty to Sam Malinski for Hooking.
5:35 of 1st period - Mike Hardman wins face-off versus Cody Glass in Barracuda zone.
6:32 of 1st period - Justin Dowling is hit by Mark Friedman and loses puck.
6:37 of 1st period - Shot by Matthew Highmore.
6:37 of 1st period - Stopped by Arturs Silovs without a rebound.
6:38 of 1st period - Justin Dowling wins face-off versus Mike Hardman in Barracuda zone.
6:59 of 1st period - Shot by Vasily Podkolzin.
6:59 of 1st period - Shot Misses the Net.
7:01 of 1st period - Shot by Vasily Podkolzin.
7:01 of 1st period - Stopped by Arturs Silovs without a rebound.
7:02 of 1st period - Oskar Olausson wins face-off versus Logan Shaw in Barracuda zone.
7:02 of 1st period - Oskar Olausson is hit by Cody Glass.
7:12 of 1st period - Shot by Ethan Bear.
7:12 of 1st period - Stopped by Arturs Silovs without a rebound.
7:13 of 1st period - Ryan Schmelzer wins face-off versus Logan Shaw in Barracuda zone.
7:13 of 1st period - Ryan Schmelzer is hit by Roby Jarventie.
7:47 of 1st period - Shot by Patrick Brown.
7:47 of 1st period - Shot Blocked by Mark Friedman.
7:49 of 1st period - Shot by Tanner Fritz.
7:49 of 1st period - Stopped by Arturs Silovs without a rebound.
7:50 of 1st period - Tucker Robertson wins face-off versus Nicolas Petan in Barracuda zone.
8:38 of 1st period - Minor Penalty to Mike Hardman for High sticking.
8:39 of 1st period - Vasily Podkolzin wins face-off versus Oskar Olausson in Barracuda zone.
8:50 of 1st period - Shot by Vasily Podkolzin.
8:50 of 1st period - Stopped by Arturs Silovs with a rebound.
9:27 of 1st period - Louis Belpedio is hit by Cody Glass and loses puck.
10:04 of 1st period - Shot by Ethan Bear.
10:04 of 1st period - Stopped by Arturs Silovs with a rebound.
10:06 of 1st period - Shot by Ashton Sautner.
10:06 of 1st period - Shot Misses the Net.
10:08 of 1st period - Shot by Ethan Bear.
10:08 of 1st period - Shot Misses the Net.
10:10 of 1st period - Shot by Justin Dowling.
10:10 of 1st period - Shot Misses the Net.
10:21 of 1st period - Matthew Highmore is hit by Gavin Bayreuther and loses puck.
10:45 of 1st period - Shot by Patrick Brown.
10:45 of 1st period - Shot Misses the Net.
11:03 of 1st period - Shot by Riley Nash.
11:03 of 1st period - Shot Misses the Net.
11:05 of 1st period - Shot by Tanner Fritz.
11:05 of 1st period - Stopped by Arturs Silovs without a rebound.
11:06 of 1st period - Nicolas Petan wins face-off versus Tucker Robertson in Barracuda zone.
11:14 of 1st period - Shot by Kevin Korchinski.
11:14 of 1st period - Stopped by Arturs Silovs with a rebound.
11:32 of 1st period - Shot by Kevin Korchinski.
11:32 of 1st period - Shot Misses the Net.
11:49 of 1st period - Icing by Jett Woo.
11:50 of 1st period - Ryan Schmelzer wins face-off versus Justin Dowling in Comets zone.
12:06 of 1st period - Icing by Jett Woo.
12:07 of 1st period - Kyle Criscuolo wins face-off versus Justin Dowling in Comets zone.
12:08 of 1st period - Shot by Ben Hutton.
12:08 of 1st period - Stopped by Jordan Papirny without a rebound.
12:09 of 1st period - Matthew Highmore wins face-off versus Kyle Criscuolo in Comets zone.
12:20 of 1st period - Shot by Logan Shaw.
12:20 of 1st period - Deflect By Vasily Podkolzin.
12:20 of 1st period - Shot Blocked by Kyle Criscuolo.
12:45 of 1st period - Ben Hutton is hit by Vasily Podkolzin and loses puck.
14:19 of 1st period - Off-side.
14:20 of 1st period - Logan Shaw wins face-off versus Ryan Schmelzer in neutral zone.
14:25 of 1st period - Icing by Mark Friedman.
14:26 of 1st period - Mike Hardman wins face-off versus Tucker Robertson in Barracuda zone.
14:41 of 1st period - Shot by Logan Shaw.
14:41 of 1st period - Stopped by Arturs Silovs without a rebound.
14:42 of 1st period - Nicolas Petan wins face-off versus Tanner Fritz in Barracuda zone.
14:42 of 1st period - Nicolas Petan is hit by Patrick Brown.
14:43 of 1st period - Minor Penalty to Patrick Brown for Roughing.
14:44 of 1st period - Ryan Schmelzer wins face-off versus Justin Dowling in Comets zone.
14:49 of 1st period - Shot by Louis Belpedio.
14:49 of 1st period - Shot Misses the Net.
14:51 of 1st period - Shot by Kevin Connauton.
14:51 of 1st period - Shot Misses the Net.
14:55 of 1st period - Shot by Dominik Shine.
14:55 of 1st period - Stopped by Jordan Papirny without a rebound.
14:56 of 1st period - Ryan Schmelzer wins face-off versus Justin Dowling in Comets zone.
15:01 of 1st period - Shot by Mike Hardman.
15:01 of 1st period - Stopped by Jordan Papirny without a rebound.
15:02 of 1st period - Justin Dowling wins face-off versus Kyle Criscuolo in Comets zone.
15:49 of 1st period - Shot by Sam Malinski.
15:49 of 1st period - Shot Misses the Net.
16:03 of 1st period - Shot by Ben Hutton.
16:03 of 1st period - Shot Misses the Net.
16:26 of 1st period - Icing by David Gustafsson.
16:27 of 1st period - Jon-Randall Avon wins face-off versus Justin Dowling in Barracuda zone.
16:44 of 1st period - Shot by Kyle Criscuolo.
16:44 of 1st period - Stopped by Jordan Papirny without a rebound.
16:45 of 1st period - Tucker Robertson wins face-off versus Kyle Criscuolo in Comets zone.
16:58 of 1st period - Shot by Logan Shaw.
16:58 of 1st period - Stopped by Arturs Silovs with a rebound.
17:01 of 1st period - Icing by Mark Friedman.
17:02 of 1st period - Kyle Criscuolo wins face-off versus Tanner Fritz in Barracuda zone.
17:02 of 1st period - Kyle Criscuolo is hit by Patrick Brown.
17:16 of 1st period - Kyle Criscuolo is hit by Ashton Sautner.
17:20 of 1st period - Shot by Carsen Twarynski.
17:20 of 1st period - Stopped by Jordan Papirny without a rebound.
17:21 of 1st period - Tyler Angle wins face-off versus Tucker Robertson in Comets zone.
17:25 of 1st period - Icing by Kevin Korchinski.
17:26 of 1st period - Tyler Angle wins face-off versus Tucker Robertson in Comets zone.
17:30 of 1st period - Nicolas Petan is hit by Ethan Bear and loses puck.
18:08 of 1st period - Ben Hutton is hit by Ethan Bear.
18:44 of 1st period - Shot by Justin Dowling.
18:44 of 1st period - Stopped by Arturs Silovs without a rebound.
18:45 of 1st period - Tanner Fritz wins face-off versus Dominik Shine in Barracuda zone.
19:35 of 1st period - Icing by Jack Rathbone.
19:36 of 1st period - Nicolas Petan wins face-off versus Justin Dowling in Comets zone.
19:36 of 1st period - Matt Martin is hit by Ashton Sautner.
19:38 of 1st period - Shot by David Gustafsson.
19:38 of 1st period - Shot Hit the Post.
19:40 of 1st period - Shot by Nicolas Petan.
19:40 of 1st period - Shot Blocked by Ashton Sautner.
19:41 of 1st period - Minor Penalty to Jack Rathbone for Holding.
19:42 of 1st period - Kyle Criscuolo wins face-off versus Justin Dowling in Comets zone.
Goals for this period are 0 for Barracuda vs 2 for Comets.
Shots for this period are 6 for Barracuda vs 15 for Comets.

2nd period


0:01 of 2nd period - Kyle Criscuolo wins face-off versus Justin Dowling in neutral zone.
0:03 of 2nd period - Off-side.
0:04 of 2nd period - Justin Dowling wins face-off versus Kyle Criscuolo in neutral zone.
0:43 of 2nd period - Icing by Nicolas Petan.
0:44 of 2nd period - Kyle Criscuolo wins face-off versus Logan Shaw in Barracuda zone.
1:10 of 2nd period - Shot by Ethan Bear.
1:10 of 2nd period - Stopped by Arturs Silovs without a rebound.
1:11 of 2nd period - Justin Dowling wins face-off versus Ryan Schmelzer in Barracuda zone.
1:14 of 2nd period - Shot by Matthew Highmore.
1:14 of 2nd period - Shot Hit the Post.
1:44 of 2nd period - Shot by Carsen Twarynski.
1:44 of 2nd period - Stopped by Jordan Papirny with a rebound.
2:26 of 2nd period - Kyle Criscuolo is hit by Ethan Bear and loses puck.
2:34 of 2nd period - Icing by Jack Rathbone.
2:35 of 2nd period - Nicolas Petan wins face-off versus Tucker Robertson in Comets zone.
2:36 of 2nd period - Shot by Sam Malinski.
2:36 of 2nd period - Shot Misses the Net.
2:38 of 2nd period - Shot by Nicolas Petan.
2:38 of 2nd period - Shot Misses the Net.
2:44 of 2nd period - Shot by Matt Martin.
2:44 of 2nd period - Shot Misses the Net.
2:46 of 2nd period - Shot by Matt Martin.
2:46 of 2nd period - Stopped by Jordan Papirny without a rebound.
2:47 of 2nd period - Ryan Schmelzer wins face-off versus Justin Dowling in Comets zone.
2:48 of 2nd period - Shot by Dominik Shine.
2:48 of 2nd period - Stopped by Jordan Papirny without a rebound.
2:49 of 2nd period - Tyler Angle wins face-off versus Logan Shaw in Comets zone.
2:59 of 2nd period - Off-side.
3:00 of 2nd period - Ryan Schmelzer wins face-off versus Justin Dowling in neutral zone.
3:00 of 2nd period - Louis Belpedio is hit by Cody Glass and loses puck.
3:09 of 2nd period - Kevin Connauton is hit by Roby Jarventie and loses puck.
3:20 of 2nd period - Shot by Roby Jarventie.
3:20 of 2nd period - Stopped by Arturs Silovs without a rebound.
3:21 of 2nd period - Logan Shaw wins face-off versus Matt Martin in Barracuda zone.
3:22 of 2nd period - Shot by Matthew Highmore.
3:22 of 2nd period - Shot Misses the Net.
4:09 of 2nd period - Shot by Dominik Shine.
4:09 of 2nd period - Stopped by Jordan Papirny without a rebound.
4:10 of 2nd period - Ryan Schmelzer wins face-off versus Justin Dowling in Comets zone.
4:11 of 2nd period - Shot by Dominik Shine.
4:11 of 2nd period - Stopped by Jordan Papirny without a rebound.
4:12 of 2nd period - Justin Dowling wins face-off versus Ryan Schmelzer in Comets zone.
4:12 of 2nd period - Justin Dowling is hit by Dominik Shine.
4:27 of 2nd period - Shot by Cody Glass.
4:27 of 2nd period - Shot Misses the Net.
4:29 of 2nd period - Shot by Justin Dowling.
4:29 of 2nd period - Stopped by Arturs Silovs without a rebound.
4:30 of 2nd period - Tanner Fritz wins face-off versus Kyle Criscuolo in Barracuda zone.
5:02 of 2nd period - Shot by Kyle Criscuolo.
5:02 of 2nd period - Shot Misses the Net.
5:04 of 2nd period - Shot by Carsen Twarynski.
5:04 of 2nd period - Stopped by Jordan Papirny without a rebound.
5:05 of 2nd period - Logan Shaw wins face-off versus Tyler Angle in Comets zone.
5:05 of 2nd period - Logan Shaw is hit by Nicolas Petan.
5:49 of 2nd period - Icing by Jack Rathbone.
5:50 of 2nd period - Kyle Criscuolo wins face-off versus Matthew Highmore in Comets zone.
5:55 of 2nd period - Shot by Oskar Olausson.
5:55 of 2nd period - Shot Misses the Net.
5:58 of 2nd period - Icing by Jack Rathbone.
5:59 of 2nd period - Logan Shaw wins face-off versus Ryan Schmelzer in Comets zone.
6:11 of 2nd period - Off-side.
6:12 of 2nd period - Justin Dowling wins face-off versus Kyle Criscuolo in neutral zone.
6:29 of 2nd period - Shot by Cody Glass.
6:29 of 2nd period - Stopped by Arturs Silovs with a rebound.
7:05 of 2nd period - Icing by Matt Martin.
7:06 of 2nd period - Tucker Robertson wins face-off versus Nicolas Petan in Barracuda zone.
7:24 of 2nd period - Logan Shaw is hit by Sam Malinski and loses puck.
7:38 of 2nd period - Icing by Kevin Korchinski.
7:39 of 2nd period - Ryan Schmelzer wins face-off versus Tucker Robertson in Comets zone.
7:39 of 2nd period - Mark Friedman is hit by Ethan Bear and loses puck.
7:50 of 2nd period - Ryan Schmelzer is hit by Logan Shaw and loses puck.
7:58 of 2nd period - Icing by Mark Friedman.
7:59 of 2nd period - Ryan Schmelzer wins face-off versus Tanner Fritz in Barracuda zone.
8:08 of 2nd period - Icing by Ashton Sautner.
8:09 of 2nd period - Tanner Fritz wins face-off versus Kyle Criscuolo in Comets zone.
8:30 of 2nd period - Shot by Tanner Fritz.
8:30 of 2nd period - Shot Misses the Net.
8:38 of 2nd period - Shot by Riley Nash.
8:38 of 2nd period - Shot Misses the Net.
8:40 of 2nd period - Shot by Patrick Brown.
8:40 of 2nd period - Shot Misses the Net.
9:18 of 2nd period - Shot by Justin Dowling.
9:18 of 2nd period - Stopped by Arturs Silovs with a rebound.
10:00 of 2nd period - Shot by Logan Shaw.
10:00 of 2nd period - Deflect By Matthew Highmore.
10:00 of 2nd period - Shot Misses the Net.
10:21 of 2nd period - Icing by Jack Rathbone.
10:22 of 2nd period - Tanner Fritz wins face-off versus Tyler Angle in Comets zone.
11:46 of 2nd period - Minor Penalty to Mark Friedman for Slashing.
11:47 of 2nd period - Ryan Schmelzer wins face-off versus Justin Dowling in Barracuda zone.
12:10 of 2nd period - Shot by Kevin Korchinski.
12:10 of 2nd period - Shot Misses the Net.
12:12 of 2nd period - Shot by Matthew Highmore.
12:12 of 2nd period - Stopped by Arturs Silovs with a rebound.
13:31 of 2nd period - Shot by Ethan Bear.
13:31 of 2nd period - Stopped by Arturs Silovs without a rebound.
13:32 of 2nd period - Justin Dowling wins face-off versus Mike Hardman in Barracuda zone.
14:37 of 2nd period - Shot by Dominik Shine.
14:37 of 2nd period - Stopped by Jordan Papirny with a rebound.
16:02 of 2nd period - Off-side.
16:03 of 2nd period - Justin Dowling wins face-off versus Tyler Angle in neutral zone.
16:10 of 2nd period - Shot by Roby Jarventie.
16:10 of 2nd period - Stopped by Arturs Silovs without a rebound.
16:11 of 2nd period - Ryan Schmelzer wins face-off versus Logan Shaw in Barracuda zone.
16:32 of 2nd period - Icing by Matthew Highmore.
16:33 of 2nd period - Kyle Criscuolo wins face-off versus Logan Shaw in Comets zone.
16:52 of 2nd period - Shot by Matthew Highmore.
16:52 of 2nd period - Stopped by Arturs Silovs without a rebound.
16:53 of 2nd period - Justin Dowling wins face-off versus Nicolas Petan in Barracuda zone.
17:24 of 2nd period - Shot by Cody Glass.
17:24 of 2nd period - Stopped by Arturs Silovs with a rebound.
17:47 of 2nd period - Shot by Dominik Shine.
17:47 of 2nd period - Shot Misses the Net.
17:49 of 2nd period - Shot by Ryan Schmelzer.
17:49 of 2nd period - Shot Misses the Net.
17:51 of 2nd period - Shot by Dominik Shine.
17:51 of 2nd period - Shot Misses the Net.
18:22 of 2nd period - Carsen Twarynski is hit by Roby Jarventie and loses puck.
18:38 of 2nd period - Shot by Kyle Criscuolo.
18:38 of 2nd period - Stopped by Jordan Papirny with a rebound.
18:40 of 2nd period - Shot by Mark Friedman.
18:40 of 2nd period - Shot Misses the Net.
18:42 of 2nd period - Shot by Gavin Bayreuther.
18:42 of 2nd period - Shot Misses the Net.
18:53 of 2nd period - Ethan Bear is hit by Kyle Criscuolo and loses puck.
19:09 of 2nd period - Matt Martin is hit by Ethan Bear and loses puck.
19:14 of 2nd period - Shot by David Gustafsson.
19:14 of 2nd period - Stopped by Jordan Papirny without a rebound.
19:15 of 2nd period - Ryan Schmelzer wins face-off versus Tanner Fritz in Comets zone.
Goals for this period are 0 for Barracuda vs 0 for Comets.
Shots for this period are 9 for Barracuda vs 10 for Comets.

3rd period


0:01 of 3rd period - Justin Richards wins face-off versus Tyler Angle in neutral zone.
0:05 of 3rd period - Double Minor Penalty to Tyler Angle for Slashing.
0:06 of 3rd period - Logan Shaw wins face-off versus Mike Hardman in Barracuda zone.
0:39 of 3rd period - Shot by Cody Glass.
0:39 of 3rd period - Shot Misses the Net.
3:50 of 3rd period - Off-side.
3:51 of 3rd period - Justin Dowling wins face-off versus Oskar Olausson in neutral zone.
5:03 of 3rd period - Shot by Jett Woo.
5:03 of 3rd period - Shot Misses the Net.
5:11 of 3rd period - Shot by Logan Shaw.
5:11 of 3rd period - Shot Misses the Net.
5:13 of 3rd period - Shot by Justin Richards.
5:13 of 3rd period - Stopped by Arturs Silovs without a rebound.
5:14 of 3rd period - Justin Dowling wins face-off versus Kyle Criscuolo in Barracuda zone.
5:42 of 3rd period - Icing by Jack Rathbone.
5:43 of 3rd period - Jon-Randall Avon wins face-off versus Cody Glass in Comets zone.
5:56 of 3rd period - Louis Belpedio is hit by Jack Rathbone.
6:50 of 3rd period - Shot by Carsen Twarynski.
6:50 of 3rd period - Shot Blocked by Ashton Sautner.
6:52 of 3rd period - Shot by Kyle Criscuolo.
6:52 of 3rd period - Shot Blocked by Ashton Sautner.
7:26 of 3rd period - Shot by Dominik Shine.
7:26 of 3rd period - Stopped by Jordan Papirny without a rebound.
7:27 of 3rd period - Nicolas Petan wins face-off versus Tanner Fritz in Comets zone.
7:53 of 3rd period - Minor Penalty to Nicolas Petan for Holding.
7:54 of 3rd period - Kyle Criscuolo wins face-off versus Matthew Highmore in Barracuda zone.
7:54 of 3rd period - Kyle Criscuolo is hit by Tucker Robertson.
8:10 of 3rd period - Kyle Criscuolo is hit by Vasily Podkolzin.
8:17 of 3rd period - Icing by Tucker Robertson.
8:18 of 3rd period - Mike Hardman wins face-off versus Matthew Highmore in Comets zone.
8:33 of 3rd period - Shot by Ethan Bear.
8:33 of 3rd period - Goal by Ethan Bear - Barracuda : 0 - Comets : 3.
8:34 of 3rd period - Tyler Angle wins face-off versus Tanner Fritz in neutral zone.
8:37 of 3rd period - Shot by Tyler Angle.
8:37 of 3rd period - Shot Blocked by Tanner Fritz.
8:49 of 3rd period - Shot by Zach Metsa.
8:49 of 3rd period - Shot Misses the Net.
8:51 of 3rd period - Shot by Jett Woo.
8:51 of 3rd period - Shot Misses the Net.
8:53 of 3rd period - Shot by Patrick Brown.
8:53 of 3rd period - Stopped by Arturs Silovs with a rebound.
9:04 of 3rd period - Nicolas Petan is hit by Jett Woo.
9:34 of 3rd period - Shot by Oskar Olausson.
9:34 of 3rd period - Shot Misses the Net.
9:36 of 3rd period - Shot by Kevin Connauton.
9:36 of 3rd period - Stopped by Jordan Papirny without a rebound.
9:37 of 3rd period - Ryan Schmelzer wins face-off versus Logan Shaw in Comets zone.
10:02 of 3rd period - Vasily Podkolzin is hit by Sam Malinski and loses puck.
10:11 of 3rd period - Icing by Ben Hutton.
10:12 of 3rd period - Justin Dowling wins face-off versus Ryan Schmelzer in Barracuda zone.
10:19 of 3rd period - Minor Penalty to Ben Hutton for Interference.
10:20 of 3rd period - Logan Shaw wins face-off versus Mike Hardman in Barracuda zone.
11:04 of 3rd period - Icing by Justin Dowling.
11:05 of 3rd period - Justin Dowling wins face-off versus Ryan Schmelzer in Comets zone.
11:30 of 3rd period - Shot by Ethan Bear.
11:30 of 3rd period - Stopped by Arturs Silovs without a rebound.
11:31 of 3rd period - Logan Shaw wins face-off versus Ryan Schmelzer in Barracuda zone.
12:36 of 3rd period - Shot by Oskar Olausson.
12:36 of 3rd period - Stopped by Jordan Papirny with a rebound.
12:38 of 3rd period - Shot by Carsen Twarynski.
12:38 of 3rd period - Shot Misses the Net.
12:40 of 3rd period - Shot by Kyle Criscuolo.
12:40 of 3rd period - Deflect By Oskar Olausson.
12:40 of 3rd period - Shot Misses the Net.
12:42 of 3rd period - Shot by Gavin Bayreuther.
12:42 of 3rd period - Shot Misses the Net.
13:21 of 3rd period - Icing by Tucker Robertson.
13:22 of 3rd period - Ryan Schmelzer wins face-off versus Justin Richards in Comets zone.
14:04 of 3rd period - Minor Penalty to Dominik Shine for Tripping.
14:05 of 3rd period - Mike Hardman wins face-off versus Justin Dowling in Barracuda zone.
14:09 of 3rd period - Sam Malinski is hit by Ashton Sautner and loses puck.
14:47 of 3rd period - Icing by Cody Glass.
14:48 of 3rd period - Logan Shaw wins face-off versus Ryan Schmelzer in Comets zone.
15:04 of 3rd period - Icing by Roby Jarventie.
15:05 of 3rd period - Logan Shaw wins face-off versus Ryan Schmelzer in Comets zone.
15:05 of 3rd period - Logan Shaw is hit by Ryan Schmelzer.
15:47 of 3rd period - Shot by Vasily Podkolzin.
15:47 of 3rd period - Goal by Vasily Podkolzin - Barracuda : 0 - Comets : 4.
15:48 of 3rd period - Riley Nash wins face-off versus Nicolas Petan in neutral zone.
16:00 of 3rd period - Nicolas Petan is hit by Patrick Brown and loses puck.
16:26 of 3rd period - Icing by Jett Woo.
16:27 of 3rd period - Kyle Criscuolo wins face-off versus Tanner Fritz in Comets zone.
16:29 of 3rd period - Minor Penalty to Jett Woo for Interference.
16:30 of 3rd period - Justin Dowling wins face-off versus Dominik Shine in Comets zone.
16:51 of 3rd period - Shot by Sam Malinski.
16:51 of 3rd period - Stopped by Jordan Papirny without a rebound.
16:52 of 3rd period - Justin Dowling wins face-off versus Kyle Criscuolo in Comets zone.
16:52 of 3rd period - Justin Dowling is hit by Nicolas Petan.
17:15 of 3rd period - Nicolas Petan is hit by Roby Jarventie and loses puck.
17:19 of 3rd period - Louis Belpedio is hit by Ethan Bear and loses puck.
17:24 of 3rd period - Shot by Louis Belpedio.
17:24 of 3rd period - Stopped by Jordan Papirny without a rebound.
17:25 of 3rd period - Ryan Schmelzer wins face-off versus Justin Dowling in Comets zone.
17:28 of 3rd period - Shot by Ben Hutton.
17:28 of 3rd period - Stopped by Jordan Papirny without a rebound.
17:29 of 3rd period - Justin Dowling wins face-off versus Ryan Schmelzer in Comets zone.
18:22 of 3rd period - Shot by Kyle Criscuolo.
18:22 of 3rd period - Shot Misses the Net.
18:35 of 3rd period - Icing by Gavin Bayreuther.
18:36 of 3rd period - Kyle Criscuolo wins face-off versus Tucker Robertson in Barracuda zone.
18:36 of 3rd period - Carsen Twarynski is hit by Tucker Robertson and loses puck.
18:48 of 3rd period - Logan Shaw is hit by Carsen Twarynski.
18:56 of 3rd period - Minor Penalty to Mark Friedman for Hooking.
18:57 of 3rd period - Mike Hardman wins face-off versus Logan Shaw in Barracuda zone.
19:07 of 3rd period - Off-side.
19:08 of 3rd period - Mike Hardman wins face-off versus Logan Shaw in neutral zone.
19:18 of 3rd period - Cody Glass is hit by Kevin Connauton.
19:45 of 3rd period - Ben Hutton is hit by Roby Jarventie and loses puck.
Goals for this period are 0 for Barracuda vs 2 for Comets.
Shots for this period are 6 for Barracuda vs 5 for Comets.